 Dungeon Crawl Stone Soup version 0.32-a0-468-g38b2580584 (webtiles) character file.

Game seed: 11811094771792542665

218 whatisthis the Poker (level 5, 0/43 HPs)
             Began as a Gnoll Reaver on Feb 24, 2024.
             Slain by an ufetubus (2 damage)
             ... on level 6 of the Dungeon.
             The game lasted 00:06:03 (3147 turns).

whatisthis the Poker (Gnoll Reaver)                 Turns: 3147, Time: 00:06:03

Health: 0/43       AC:  5    Str: 13    XL:     5   Next: 95%
Magic:  2/12       EV: 12    Int: 13    God:
Gold:   140        SH:  0    Dex: 10    Spells: 11/14 levels left

rFire   . . .        e - +0 trident
rCold   . . .        (no shield)
rNeg    . . .        b - +0 leather armour
rPois   .            (no helmet)
rElec   .            (no cloak)
rCorr   +            (no gloves)
SInv    .            o - +1 pair of boots
Will    .....        (no amulet)
Stlth   +            i - ring of resist corrosion
HPRegen 0.27/turn    (no ring)
MPRegen 0.13/turn

%: no passive effects
@: no status effects
A: fangs 1, strong nose, distributed training
a: no special abilities


You were on level 6 of the Dungeon.
You visited 1 branch of the dungeon, and saw 4 of its levels.

You collected 140 gold pieces.

Inventory:

Hand Weapons
 e - a +0 trident (weapon)
Missiles
 k - 2 throwing nets
Armour
 b - a +0 leather armour (worn)
 c - a +0 scale mail
 o - a +1 pair of boots (worn)
Jewellery
 i - a ring of resist corrosion (left hand)
Scrolls
 d - 3 scrolls of identify
 f - 2 scrolls of immolation
 m - a scroll of noise {unknown}
 n - a scroll of revelation {unknown}
 q - a scroll of fog {unknown}
Potions
 a - a potion of ambrosia {unknown}
 g - a potion of enlightenment {unknown}
 j - a potion of curing {unknown}
 l - a potion of might {unknown}
 p - a potion of mutation {unknown}


   Skills:
 + Level 4.9 Fighting
 + Level 1.8 Short Blades
 + Level 1.8 Long Blades
 + Level 1.8 Axes
 + Level 1.8 Maces & Flails
 + Level 6.8 Polearms
 + Level 1.8 Staves
 + Level 1.8 Ranged Weapons
 + Level 1.8 Throwing
 + Level 1.8 Armour
 + Level 4.9 Dodging
 + Level 1.8 Stealth
 + Level 1.8 Shields
 + Level 1.8 Unarmed Combat
 + Level 5.3 Spellcasting
 + Level 5.6 Conjurations
 + Level 1.4 Hexes
 + Level 1.4 Summonings
 + Level 1.4 Necromancy
 + Level 1.4 Translocations
 + Level 1.4 Fire Magic
 + Level 1.4 Ice Magic
 + Level 1.4 Air Magic
 + Level 1.4 Earth Magic
 + Level 1.4 Alchemy
 + Level 2.0 Invocations
 + Level 1.8 Evocations
 + Level 1.6 Shapeshifting


You had 11 spell levels left.
You knew the following spells:

 Your Spells              Type           Power      Damage    Failure   Level
a - Kiss of Death         Conj/Necr      48%        2d9       5%          1
b - Searing Ray           Conj           36%        2d5       3%          2

Your spell library contained the following spells:

 Spells                   Type           Power      Damage    Failure   Level
 Magic Dart               Conj           72%        1d6       2%          1
 Momentum Strike          Conj/Tloc      24%        3d8       9%          2
 Hailstorm                Conj/Ice       12%        3d6       16%         3
 Fulminant Prism          Conj/Alch      6%         3d6       47%         4


Dungeon Overview and Level Annotations

Branches:
Dungeon (3/15)

Altars:

Annotations:
D:6 Blork the orc


Innate Abilities, Weirdness & Mutations

You have very sharp teeth.
Your uncanny sense of smell can sniff out nearby items.
Your experience applies equally to all skills.


Message History

You miss the ufetubus. The ufetubus closely misses you.
The ufetubus barely misses you. The ufetubus closely misses you.
The ufetubus misses you. x2
The ufetubus hits you but does no damage.
The ufetubus closely misses you. The ufetubus barely misses you.
You hit the ufetubus.
The ufetubus is lightly wounded.
The ufetubus misses you. The ufetubus closely misses you. x3
You miss the ufetubus.
The ufetubus is lightly wounded.
The ufetubus closely misses you. x3; The ufetubus hits you.
* * * LOW HITPOINT WARNING * * *
The ufetubus hits you but does no damage.
The ufetubus closely misses you.
The ufetubus hits you but does no damage. x2
Unknown command.
You hit the ufetubus but do no damage.
The ufetubus is lightly wounded.
The ufetubus barely misses you.
The ufetubus hits you but does no damage. x2
The ufetubus hits you.
* * * LOW HITPOINT WARNING * * *
You barely miss the ufetubus.
The ufetubus is lightly wounded.
The ufetubus hits you.
* * * LOW HITPOINT WARNING * * *
The ufetubus misses you. The ufetubus barely misses you. x2
As you read the scroll labelled WOTIACH JOUNK, it crumbles to dust.
It is a scroll of enchant armour.
Your +0 pair of boots glows green for a moment.
The ufetubus barely misses you.
The ufetubus hits you but does no damage.
The ufetubus hits you.
* * * LOW HITPOINT WARNING * * *
The ufetubus hits you but does no damage.
The ufetubus hits you.
* * * LOW HITPOINT WARNING * * *
The ufetubus closely misses you. The ufetubus barely misses you.
The ufetubus hits you.
You die...

.(... ....
#... .. #..
..[ #.#
....####.#
.........#
#####..######
#.....5@5.#
#.#######†.#
# #<...
...... .....
..... ....
....


You could see 2 ufetubi.

Vanquished Creatures
  A bullfrog (D:6)
  2 orc priests
  3 adders
  3 dart slugs
  2 ribbon worms
  2 orcs (D:3)
  3 bats
  An endoplasm (D:3)
  5 goblins
  8 hobgoblins
  4 jackals (D:2)
  3 quokkas
  11 ball pythons
  3 frilled lizards (D:1)
  7 kobolds
  4 rats (D:1)
62 creatures vanquished.

Notes
Turn   | Place    | Note
-------+----------+-------------------------------------------
     0 | D:1      | whatisthis the Gnoll Reaver began the quest for the Orb.
     0 | D:1      | Reached XP level 1. HP: 20/20 MP: 6/6
   115 | D:1      | Reached XP level 2. HP: 26/26 MP: 7/7
   582 | D:1      | Found a faded altar of an unknown god.
   691 | D:1      | Reached skill level 5 in Spellcasting
   691 | D:1      | Reached XP level 3. HP: 25/31 MP: 7/9
  1393 | D:2      | Reached skill level 1 in Invocations
  1517 | D:2      | Reached skill level 1 in Short Blades
  1517 | D:2      | Reached skill level 1 in Long Blades
  1517 | D:2      | Reached skill level 1 in Axes
  1517 | D:2      | Reached skill level 1 in Maces & Flails
  1517 | D:2      | Reached skill level 1 in Staves
  1517 | D:2      | Reached skill level 1 in Ranged Weapons
  1517 | D:2      | Reached skill level 1 in Throwing
  1517 | D:2      | Reached skill level 1 in Armour
  1517 | D:2      | Reached skill level 1 in Stealth
  1517 | D:2      | Reached skill level 1 in Shields
  1517 | D:2      | Reached skill level 1 in Unarmed Combat
  1517 | D:2      | Reached skill level 1 in Evocations
  1695 | D:2      | Reached skill level 1 in Shapeshifting
  1695 | D:2      | Reached XP level 4. HP: 34/38 MP: 11/11
  1976 | D:2      | Reached skill level 1 in Hexes
  1976 | D:2      | Reached skill level 1 in Summonings
  1976 | D:2      | Reached skill level 1 in Necromancy
  1976 | D:2      | Reached skill level 1 in Translocations
  1976 | D:2      | Reached skill level 1 in Fire Magic
  1976 | D:2      | Reached skill level 1 in Ice Magic
  1976 | D:2      | Reached skill level 1 in Air Magic
  1976 | D:2      | Reached skill level 1 in Earth Magic
  1976 | D:2      | Reached skill level 1 in Alchemy
  2472 | D:3      | Learned a level 2 spell: Searing Ray
  2894 | D:3      | Reached XP level 5. HP: 43/43 MP: 12/12
  3122 | D:3      | You fall into a shaft and drop 3 floors!
  3124 | D:6      | Noticed Blork the orc
  3147 | D:6      | HP: 2/43 [ufetubus (1)]
  3147 | D:6      | Slain by an ufetubus

Illustrated notes

Levels and vault maps discovered:
D:1:      dpeg_arrival_water_temple_mockup, layout_basic,
          basic_ecumenical_altar, serial_co_window_serial, co_window_cross_1,
          co_window_paths_a, co_window_corner_a, co_window_paths_b,
          co_window_paths_b, co_window_corner_a, co_window_corner_a,
          co_window_unsneaky_path_e, co_window_corner_ca, co_window_broadway_c,
          co_window_corner_cb, co_window_corner_b, glass_columns_a
D:2:      layout_basic
D:3:      layout_basic
D:6:      layout_rooms, nicolae_shop_fire_sale [nicolae_sub_dead_trees],
          uniq_blork_the_orc, uniq_grinder

Skill      XL: |  1  2  3  4  5 |
---------------+----------------+-----
Spellcasting   | 5 |  5.3
Invocations    | 1 2 |  2.0
Short Blades   | 1 |  1.8
Long Blades    | 1 |  1.8
Axes           | 1 |  1.8
Maces & Flails | 1 |  1.8
Staves         | 1 |  1.8
Ranged Weapons | 1 |  1.8
Throwing       | 1 |  1.8
Armour         | 1 |  1.8
Stealth        | 1 |  1.8
Shields        | 1 |  1.8
Unarmed Combat | 1 |  1.8
Evocations     | 1 |  1.8
Shapeshifting  | 1 |  1.6
Hexes          | 1 |  1.4
Summonings     | 1 |  1.4
Necromancy     | 1 |  1.4
Translocations | 1 |  1.4
Fire Magic     | 1 |  1.4
Ice Magic      | 1 |  1.4
Air Magic      | 1 |  1.4
Earth Magic    | 1 |  1.4
Alchemy        | 1 |  1.4
Fighting       | |  4.9
Polearms       | |  6.8
Dodging        | |  4.9
Conjurations   | |  5.6

Action                     |  1- 3 |  4- 6 || total
---------------------------+-------+-------++-------
  Melee: Spear             |   159 |    43 ||   202
         Bite              |    11 |    12 ||    23
         Trident           |       |    43 ||    43
  Throw: Throwing net      |       |     2 ||     2
   Cast: Searing Ray       |       |    13 ||    13
    Use: Potion            |       |     2 ||     2
         Scroll            |       |     2 ||     2
   Stab: Sleeping          |     1 |     1 ||     2
 Armour: Leather armour    |    62 |    78 ||   140
  Dodge: Dodged            |    81 |    79 ||   160

Table legend: (Time is in decaauts)
 A = Elapsed time spent in this place.
 B = Non-inter-level travel time spent in this place.
 C = Inter-level travel time spent in this place.
 D = Time resting spent in this place.
 E = Time spent auto-exploring this place.
 F = Levels seen in this place.
 G = Mean time per level.
                   A        B        C        D        E       F      G
               +--------+--------+--------+--------+--------+-----+--------+
         Total |   3101 |   2937 |    164 |    274 |   1939 |   4 |  775.2 |
       Dungeon |   3101 |   2937 |    164 |    274 |   1939 |   4 |  775.2 |
               +--------+--------+--------+--------+--------+-----+--------+

Top non-repeatable levels by time:
     D:1: 1237 daAuts
     D:2: 954 daAuts
     D:3: 885 daAuts
     D:6: 24 daAuts
